cohdb
Replays
Latest Replays
All Replays
Popular Replays
Top Player Replays
Match Explorer
How It Works
Community
CoH3 Stats
Reddit
Sign in to upload your games and track your stats! →
Sign in with Steam
Match 44411529
Unlisted
Match 44411529
Overview
Messages
Build Orders
End
Selects Special Operations Battlegroup
Selects M29 Weasel Recon Vehicle
M29 Weasel Recon Vehicle
Construct Barracks
Riflemen Squad
Riflemen Squad
M1 Mortar Team
Engineer Squad
Mechanized Support Center
Selects Raiding Flares
Construct Tank Depot
M4A1 Sherman Medium Tank
Designate Forward Repair Station
M4A1 Sherman Medium Tank
Selects SSF Commando Squad
SSF Commando Squad
Construct Motor Pool
Construct Weapon Support Center
Designate Forward Repair Station
M3 Armored Personnel Carrier
Rapid Repairs
M4A1 76mm Conversion
Improved M9 Bazooka Rockets
Grenade Package
Improvised Armor
M4A1(76) Sherman Medium Tank
Selects P-47 Anti-Infantry Loiter
Selects M4A1 Sherman Whizbang
M4A1 Sherman Whizbang
Salvage Crew
P-47 Anti-Infantry Loiter
Bran
DrewP
James-Östen
Hrungner
0
0
Comments
sign in to comment!
No comments posted yet!